 Dungeon Crawl Stone Soup version 0.29-a0-541-gaf1fc19f1b (webtiles) character file.

Game seed: 17107921022703028169

219 Hubjo the Magician (level 5, 0/31 HPs)
             Began as a Deep Elf Fire Elementalist on June 2, 2022.
             Was a Believer of Sif Muna.
             Slain by Grinder (3 damage)
             ... on level 3 of the Dungeon.
             The game lasted 00:03:08 (3576 turns).

Hubjo the Magician (Deep Elf Fire Elementalist)     Turns: 3576, Time: 00:03:09

Health: 0/31       AC:  4    Str:  5    XL:     5   Next: 64%
Magic:  8/13       EV: 12    Int: 22    God:    Sif Muna [**....]
Gold:   71         SH:  5    Dex: 15    Spells: 8/13 levels left

rFire   . . .      SeeInvis .   d - +2 short sword (drain)
rCold   + . .      Faith    .   (no shield)
rNeg    . . .      Spirit   .   l - +2 robe {rC+}
rPois   .          Reflect  +   (no helmet)
rElec   .          Harm     .   (no cloak)
rCorr   .          Rampage  .   (no gloves)
Will    .....                   (no boots)
Stlth   +++.......              j - amulet of reflection
HPRegen 0.10/turn               (no ring)
MPRegen 0.13/turn               (no ring)

@: brilliant
A: no striking features
a: Renounce Religion, Channel Magic


You were on level 3 of the Dungeon.
You worshipped Sif Muna.
Sif Muna was pleased with you.
You visited 1 branch of the dungeon, and saw 3 of its levels.

You collected 71 gold pieces.

Inventory:

Hand Weapons
 d - a +2 short sword of draining (weapon)
Armour
 a - a +0 robe
 l - a +2 robe of cold resistance (worn)
Jewellery
 j - an amulet of reflection (around neck)
Scrolls
 c - a scroll of teleportation {unknown}
 g - a scroll of amnesia {unknown}
 h - a scroll of identify {unknown}
 m - a scroll of vulnerability {unknown}
 n - a scroll of poison {unknown}
 o - 2 scrolls of noise {unknown}
 p - a scroll of brand weapon {unknown}
Potions
 b - a potion of magic
 e - a potion of brilliance
 f - a potion of haste {unknown}
 i - a potion of lignification {unknown}
 k - a potion of curing {unknown}


   Skills:
 + Level 2.5 Fighting
 - Level 2.4 Dodging
 + Level 4.0 Stealth
 + Level 4.5 Spellcasting
 - Level 1.1 Conjurations
 * Level 4.4 Fire Magic


You had 8 spell levels left.
You knew the following spells:

 Your Spells              Type           Power      Damage    Failure   Level
a - Foxfire               Conj/Fire      100%       2x1d9     3%          1
b - Flame Wave            Conj/Fire      25%        2d7       32%         4

Your spell library contained the following spells:

 Spells                   Type           Power      Damage    Failure   Level
 Scorch                   Fire           74%        2d8       2%          2
 Conjure Flame            Conj/Fire      25%        6-21      10%         3
 Slow                     Hex            28%        N/A       11%         1
 Inner Flame              Hex/Fire       22%        N/A       13%         3
 Confusing Touch          Hex            7%         N/A       32%         3
 Vampiric Draining        Necr           7%         2d6       32%         3


Dungeon Overview and Level Annotations

Branches:
Dungeon (3/15)

Altars:
Sif Muna

Annotations:
D:3 Grinder


Message History

Unknown command.
It was a potion of brilliance.
You feel clever all of a sudden.
A hobgoblin comes into view.
The adder zombie closely misses you.
Your magical contamination has completely faded away.
Magic courses through your body.
Casting: Flame Wave (extremely dangerous; 32% risk of failure)
Confirm with . or Enter, or press ? or * to list all spells.
The spell is extremely dangerous to miscast (32% risk of failure)!
Continue anyway?
Casting: Flame Wave (extremely dangerous; 32% risk of failure)
Press: ? - help, Dir - look around, f - activate You feel a surge of power!
A wave of flame ripples out!
The flame wave engulfs Grinder.
Grinder is heavily wounded.
The flame wave engulfs the hobgoblin!
You kill the hobgoblin!
Sif Muna accepts your kill. (Press . to intensify the flame waves.) Grinder hits you.
* * * LOW HITPOINT WARNING * * *
Unknown command.
A wave of flame ripples out!
The flame wave engulfs Grinder!
Grinder is severely wounded.
The flame wave engulfs the adder zombie!
The adder zombie is heavily damaged.
You block Grinder's attack. The adder zombie closely misses you.
A wave of flame ripples out!
The flame wave engulfs Grinder.
Grinder is almost dead.
The flame wave engulfs the adder zombie!
The adder zombie is severely damaged.
You finish channelling waves of flame.
The adder zombie closely misses you. You block Grinder's attack.
The adder zombie bites you but does no damage.
Casting: Flame Wave (extremely dangerous; 32% risk of failure)
Confirm with . or Enter, or press ? or * to list all spells.
You feel a surge of power!
You conjure some foxfire!
Grinder hits you.
* * * LOW HITPOINT WARNING * * *
You writhe in agony.
You die...

#........# ## #....)...#
#. #........####### #.
###........#.....# #.
.$.........#.....####.
###........)..........
##..............####.
##..v5.....#.....###..
#...v@.....#.....##...
#...†Z.(##.###.####.#.
#...g...#..###.##...#.
............##..........
###.......####..........
.......................
###....>.......##..##...
.P....................
.........)....


You could see Grinder (ally target), an adder zombie (ally target) and a
hobgoblin.

Vanquished Creatures
  Jessica (D:2)
  An orc wizard (D:3)
  Natasha (D:3)
  5 gnolls
  2 adders
  An adder skeleton (D:3)
  A worm (D:2)
  A dart slug (D:2)
  5 orcs (D:3)
  7 endoplasms
  2 giant cockroaches
  4 goblins
  5 hobgoblins
  5 quokkas
  6 ball pythons
  5 bats (D:1)
  2 frilled lizards (D:1)
  5 kobolds
  6 rats
65 creatures vanquished.

Vanquished Creatures (others)
  278 foxfires
  2 withered plants (D:3)
280 creatures vanquished.

Grand Total: 345 creatures vanquished

Notes
Turn   | Place    | Note
-------+----------+-------------------------------------------
     0 | D:1      | Hubjo the Deep Elf Fire Elementalist began the quest for
                  | the Orb.
     0 | D:1      | Reached XP level 1. HP: 10/10 MP: 6/6
   581 | D:1      | Reached XP level 2. HP: 5/16 MP: 2/8
  1144 | D:1      | Reached skill level 1 in Fighting
  1152 | D:1      | Reached XP level 3. HP: 10/20 MP: 9/9
  1382 | D:1      | Found a faded altar of an unknown god.
  1408 | D:1      | Prayed at the altar of an unknown god.
  1408 | D:1      | Became a worshipper of Sif Muna the Loreminder
  1408 | D:1      | Reached * piety under Sif Muna
  2282 | D:2      | Reached XP level 4. HP: 15/26 MP: 3/11
  2553 | D:2      | Noticed Jessica
  2558 | D:2      | Killed Jessica
  2687 | D:2      | Reached ** piety under Sif Muna
  2913 | D:2      | Reached XP level 5. HP: 30/30 MP: 10/13
  3287 | D:3      | Learned a level 4 spell: Flame Wave
  3381 | D:3      | Found a shimmering blue altar of Sif Muna.
  3561 | D:3      | Noticed Natasha
  3561 | D:3      | Noticed Grinder
  3567 | D:3      | Killed Natasha
  3567 | D:3      | Paralysed by Grinder for 3 turns
  3576 | D:3      | Slain by Grinder

Illustrated notes

Levels and vault maps discovered:
D:1:      dpeg_arrival_solitude, layout_basic,
          ebering_ecumenical_altar_abandoned, supply_closet_lemuel,
          hangedman_glass_teeth
D:2:      layout_basic, uniq_jessica
D:3:      layout_rooms, kennysheep_slug_shrine, kennysheep_orc_sif_temple,
          serial_undead, serial_undead_e, serial_undead_a, serial_undead_b,
          serial_undead_e, kennysheep_generic_room_9, uniq_natasha, uniq_grinder

Skill      XL: |  1  2  3  4  5 |
---------------+----------------+-----
Fighting       | 1 2 |  2.5
Stealth        | 3 4 |  4.0
Spellcasting   | 4 |  4.5
Fire Magic     | 4 |  4.4
Dodging        | |  2.4
Conjurations   | |  1.1

Action                   |  1- 3 |  4- 6 || total
-------------------------+-------+-------++-------
Melee: Short sword       |    25 |    10 ||    35
 Cast: Foxfire           |    99 |    66 ||   165
       Flame Wave        |       |     2 ||     2
  Use: Potion            |       |     2 ||     2
 Stab: Sleeping          |     4 |       ||     4
Armor: Robe              |     1 |     3 ||     4
Dodge: Dodged            |    16 |     8 ||    24
Block: Other             |       |     3 ||     3

Table legend: (Time is in decaauts)
 A = Elapsed time spent in this place.
 B = Non-inter-level travel time spent in this place.
 C = Inter-level travel time spent in this place.
 D = Time resting spent in this place.
 E = Time spent auto-exploring this place.
 F = Levels seen in this place.
 G = Mean time per level.
                   A        B        C        D        E       F      G
               +--------+--------+--------+--------+--------+-----+--------+
         Total |   3583 |   3535 |     48 |      0 |   3125 |   3 | 1194.3 |
       Dungeon |   3583 |   3535 |     48 |      0 |   3125 |   3 | 1194.3 |
               +--------+--------+--------+--------+--------+-----+--------+

Top non-repeatable levels by time:
     D:1: 1747 daAuts
     D:2: 1522 daAuts
     D:3: 312 daAuts
